 Dungeon Crawl Stone Soup version 0.30.0 (webtiles) character file.

Game seed: 12294669534654611079

412 Dadi the Trooper (level 6, -3/44 HPs)
             Began as a Gargoyle Monk on May 6, 2023.
             Was a Believer of Okawaru.
             Slain by a wight
             ... wielding a +4 hand axe
              (5 damage)
             ... on level 6 of the Dungeon.
             The game lasted 00:06:04 (2818 turns).

Dadi the Trooper (Gargoyle Monk)                    Turns: 2818, Time: 00:06:04

Health: -3/44      AC:  9    Str: 17    XL:     6   Next: 90%
Magic:  6/6        EV: 12    Int: 10    God:    Okawaru [**....]
Gold:   178        SH:  0    Dex: 12    Spells: 5/5 levels left

rFire   . . .        e - +3 spear (freeze)
rCold   . . .        d - orb {light}
rNeg    + + .        h - +2 leather armour {rN+}
rPois   ∞            (no helmet)
rElec   +            (no cloak)
rCorr   .            (no gloves)
SInv    .            (no boots)
Will    .....        (no amulet)
Stlth   +            (no ring)
HPRegen 0.27/turn    (no ring)
MPRegen 0.10/turn

%: no passive effects
@: glowing
A: sickness immunity, AC +4, negative energy resistance 1, electricity
resistance, torment resistance 1, petrification resistance
a: Renounce Religion, Heroism


You were on level 6 of the Dungeon.
You worshipped Okawaru.
Okawaru was pleased with you.
You visited 1 branch of the dungeon, and saw 7 of its levels.

You collected 178 gold pieces.

Inventory:

Hand Weapons
 a - a +0 mace of protection
 e - a +3 spear of freezing (weapon)
Armour
 b - a +0 robe
 d - an orb of light (worn)
 h - a +2 leather armour of positive energy (worn)
 j - a +0 leather armour
 v - a +1 chain mail
Jewellery
 k - a ring of fire
Wands
 E - a wand of digging (5)
Scrolls
 A - 2 scrolls of fog
Potions
 c - a potion of ambrosia
 f - 2 potions of attraction
 g - 2 potions of lignification
 m - 2 potions of invisibility
 o - a potion of haste
 q - a potion of mutation
 s - 2 potions of magic {unknown}
 t - a potion of berserk rage {unknown}
 u - a potion of degeneration {unknown}
 w - 3 potions of curing {unknown}
 z - 3 potions of brilliance {unknown}
 C - a potion of flight {unknown}


   Skills:
 + Level 7.7 Fighting
 - Level 3.2 Maces & Flails
 + Level 2.3 Armour
 - Level 2.4 Dodging


You had 5 spell levels left.
You didn't know any spells.
Your spell library contained the following spells:

 Spells                   Type           Power      Damage    Failure   Level
 Sting                    Tmut/Pois      0%         1d3       41%         1
 Ensorcelled Hibernation  Hex/Ice        0%         N/A       56%         2
 Poisonous Vapours        Pois/Air       0%         N/A       56%         2
 Spider Form              Tmut/Pois      0%         N/A       80%         3
 Anguish                  Hex/Necr       0%         N/A       99%         4
 Olgreb's Toxic Radiance  Pois           0%         N/A       99%         4


Dungeon Overview and Level Annotations

Branches:
Dungeon (7/15)             Temple (0/1) D:7

Altars:
Dithmenos
Okawaru
Sif Muna
Zin

Annotations:
D:3 Grinder


Innate Abilities, Weirdness & Mutations

You are immune to sickness and miasma.
Your stone body is resilient. (AC +4)
You are immune to poison.
You resist negative energy. (rN+)
You are resistant to electric shocks. (rElec)
You are resistant to unholy torment.
You are immune to petrification.


Message History

The wight is almost destroyed.
The wight hits you with a +0 mace.
You hit the wight.
You destroy the wight!
Okawaru accepts your kill.
Your Armour skill increases to level 2!
You completely miss the wight. The wight hits you with a +4 hand axe.
You hit the wight but do no damage. The wight misses you.
You hit the wight but do no damage. The wight hits you but does no damage.
You puncture the wight!
The wight is heavily damaged.
The wight hits you with a +4 hand axe. The wight barely misses you.
You hit the wight.
The wight is heavily damaged.
The wight hits you with a +4 hand axe.
* * * LOW HITPOINT WARNING * * *
You hit the wight but do no damage.
The wight is heavily damaged.
The wight hits you with a +4 hand axe.
* * * LOW HITPOINT WARNING * * *
You hit the wight.
The wight is severely damaged.
The wight hits you with a +4 hand axe.
* * * LOW HITPOINT WARNING * * *
You hit the wight but do no damage.
The wight is severely damaged.
The wight hits you with a +4 hand axe.
* * * LOW HITPOINT WARNING * * *
You barely miss the wight.
The wight is severely damaged.
The wight hits you with a +4 hand axe.
* * * LOW HITPOINT WARNING * * *
You hit the wight but do no damage.
The wight is severely damaged.
You hear the slow hiss of an avalanche of sand very nearby.
The wight closely misses you.
You hit the wight.
The wight is almost destroyed.
The wight hits you with a +4 hand axe.
You die...

##.## #.#
##...###.#
#..#..#..########
#.###.#.........?
##.###.#..########
##..._#.##.#
#_....#..'.#
##..._#.##.#
##.###.##@#
#.###.##z.......
#..#..#.########
##...##. ##.##..
#_#... ###... ....


You could see a wight.

Vanquished Creatures
  A bullfrog (D:7)
  A scorpion (D:7)
  2 wights (D:6)
  Jessica (D:2)
  6 adders
  3 white imps
  An ufetubus (D:4)
  3 worms
  A dart slug (D:2)
  4 orcs
  7 ball pythons
  6 bats
  4 endoplasms
  2 giant cockroaches
  10 goblins
  5 hobgoblins
  8 quokkas
  3 frilled lizards
  7 kobolds
  4 rats
79 creatures vanquished.

Notes
Turn   | Place    | Note
-------+----------+-------------------------------------------
     0 | D:1      | Dadi the Gargoyle Monk began the quest for the Orb.
     0 | D:1      | Reached XP level 1. HP: 14/14 MP: 1/1
   107 | D:1      | Reached XP level 2. HP: 19/19 MP: 2/2
   286 | D:1      | Reached skill level 4 in Fighting
   416 | D:1      | Reached XP level 3. HP: 24/24 MP: 3/3
   859 | D:2      | Found a faded altar of an unknown god.
  1035 | D:2      | Reached skill level 5 in Fighting
  1054 | D:2      | Reached XP level 4. HP: 31/31 MP: 4/4
  1105 | D:2      | Noticed Jessica
  1108 | D:2      | Killed Jessica
  1382 | D:2      | Found an iron altar of Okawaru.
  1409 | D:2      | Became a worshipper of Warmaster Okawaru
  1409 | D:2      | Reached * piety under Okawaru
  1409 | D:2      | Reached ** piety under Okawaru
  1748 | D:3      | Noticed Grinder
  1834 | D:3      | Paralysed by Grinder for 2 turns
  1864 | D:4      | Reached skill level 6 in Fighting
  1864 | D:4      | Reached XP level 5. HP: 33/36 MP: 5/5
  2532 | D:5      | Entered Level 5 of the Dungeon
  2546 | D:5      | You fall into a shaft and drop 2 floors!
  2565 | D:7      | Reached skill level 7 in Fighting
  2565 | D:7      | Reached XP level 6. HP: 44/44 MP: 6/6
  2616 | D:7      | Reached skill level 1 in Armour
  2619 | D:7      | Found a staircase to the Ecumenical Temple.
  2751 | D:6      | Found a shimmering blue altar of Sif Muna.
  2751 | D:6      | Found a faded altar of an unknown god.
  2758 | D:6      | Found a shadowy altar of Dithmenos.
  2760 | D:6      | Found a faded altar of an unknown god.
  2761 | D:6      | Found a glowing silver altar of Zin.
  2816 | D:6      | HP: 2/44 [wight/+4 hand axe (2)]
  2818 | D:6      | Slain by a wight

Illustrated notes

Levels and vault maps discovered:
D:1:      minmay_arrival_stair_chambers, layout_loops_ring, item_on_display_a
D:2:      layout_loops_ring, basic_altar, dreamdust_ecumenical_altar_grove,
          minmay_pentomino_s4, uniq_jessica
D:3:      minmay_door_path, layout_loops_ring, okawaru_metal_pillars_1_2,
          serial_shops, nicolae_shop_tiny_real_fake_doors, uniq_grinder
D:4:      layout_loops_ring, serial_demonic, serial_demonic_e, serial_demonic_c,
          serial_demonic_f, serial_demonic_f, grunt_ministairs_3
D:5:      layout_basic
D:6:      minmay_chambers_of_fours, layout_loops_ring,
          chequers_temple_overflow_minitemple, enter_ossuary_5
D:7:      layout_basic, mainiacjoe_overflow_alcove_2, minmay_temple_entry_trees,
          minmay_ruffians, uniq_pikel

Skill      XL: |  1  2  3  4  5  6 |
---------------+-------------------+-----
Fighting       | 4 5 6 7 |  7.7
Armour         | 2 |  2.3
Maces & Flails | |  3.2
Dodging        | |  2.4

Action                     |  1- 3 |  4- 6 || total
---------------------------+-------+-------++-------
  Melee: Spear             |    66 |   161 ||   227
         Mace              |     6 |       ||     6
    Use: Scroll            |       |    16 ||    16
 Armour: Robe              |     2 |       ||     2
         Leather armour    |     7 |     5 ||    12
         Chain mail        |     4 |    42 ||    46
  Dodge: Dodged            |    23 |    53 ||    76
